 Dungeon Crawl Stone Soup version 0.16-a0-3476-g5f3739d (webtiles) character file.

152 Sientara the Charlatan (level 5, -11/32 HPs)
             Began as a Gargoyle Artificer on Jan 4, 2015.
             Killed themself with a badly aimed fireball (13 damage)
             ... on level 3 of the Dungeon.
             The game lasted 00:07:29 (1966 turns).

Sientara the Charlatan (Gargoyle Artificer)         Turns: 1966, Time: 00:07:29

Health: -11/32     AC: 12    Str: 14    XL:     5   Next: 34%
Magic:  8/8        EV:  9    Int: 13    God:
Gold:   146        SH:  0    Dex: 11    Spells: 0 memorised, 4 levels left

rFire  . . .     SeeInvis .     a - +0 whip
rCold  + . .     Clarity  .     k - +1 scale mail {rC+}
rNeg   + . .     SustAb   .     (no shield)
rPois  ∞         Gourm    .     (no helmet)
rElec  +         Spirit   .     (no cloak)
rCorr  .         Warding  .     (no gloves)
rMut   .         Stasis   .     q - +0 pair of boots
MR     .....                    (no amulet)
Stlth  +.........               (no ring)
                                (no ring)

@: not resistant to hostile enchantments, very unstealthy
A: negative energy resistance 1, electricity resistance, unbreathing,
petrification resistance, rot immunity, AC +4
a: no special abilities


You were on level 3 of the Dungeon.
You were hungry.

You visited 1 branch of the dungeon, and saw 3 of its levels.

You collected 146 gold pieces.

Inventory:

Hand weapons
 a - a +0 whip (weapon)
 l - a +0 short sword
Missiles
 p - 2 throwing nets (quivered)
Armour
 k - a +1 scale mail of cold resistance (worn)
 q - a +0 pair of boots (worn)
Magical devices
 b - a wand of flame (13)
 c - a wand of enslavement (15)
 d - a wand of random effects (7)
Scrolls
 e - 2 scrolls of identify {unknown}
 i - a scroll of blinking {unknown}
 m - a scroll of enchant weapon {unknown}
 t - a scroll of fear {unknown}
 u - 3 scrolls of teleportation {unknown}
Potions
 h - a potion of agility {unknown}
 n - 3 potions of curing {unknown}
 o - a potion of restore abilities {unknown}
 r - a potion of ambrosia {unknown}
 s - a potion of degeneration {unknown}
Comestibles
 f - 4 bread rations
 g - a royal jelly
 j - a fruit
 v - a meat ration


   Skills:
 + Level 2.8 Fighting
 - Level 0.8 Short Blades
 + Level 1.5 Maces & Flails
 - Level 1.5 Dodging
 + Level 2.5 Stealth
 * Level 4.2 Evocations


You had 4 spell levels left.
You didn't know any spells.

Dungeon Overview and Level Annotations

Branches:
Dungeon (3/15)

Altars:


Innate Abilities, Weirdness & Mutations

You are resistant to torment.
You are immune to poison.
Your stone body is very resilient (AC +4).
You resist negative energy.
You are resistant to electric shocks.
You can survive without breathing.
You are immune to petrification.
You are immune to rotting.


Message History

You barely miss the scorpion.
The scorpion is almost dead.
The scorpion stings you.
* * * LOW HITPOINT WARNING * * *
Huge Dmg: -19%(-5hp) hp: 15%(4hp)
You barely miss the scorpion.
The scorpion is almost dead.
The scorpion stings you.
* * * LOW HITPOINT WARNING * * *
Huge Dmg: -7%(-2hp) hp: 8%(2hp) Evoke which item? (* to show all) (? for menu, Esc to quit)
Zapping:
d - a wand of random effects (7)
Press: ? - help, Shift-Dir - straight line, f - scorpion
Aim: a scorpion (almost dead)
The fireball explodes!
The fireball engulfs the scorpion.
You kill the scorpion!
Your Evocations skill increases to level 4!
You have reached level 5!
The fireball engulfs you!
You die...

#.###.###.# ####.## #.###
#.........# #.# #....
####...#### #.# #..## ##.....##
##'## #..## #.......# ##...##
#.... ##......# ##.)...## ##.##
##...#.## ##.......## #..#
#######.#...####.........####...
..............†@................
#########...####.......<........
#........## ##........####÷.#
#.#####..# ##(....#.# #.## #..#
##...##.# ##.## ###..# ##+###.#
#..## # #....# #.# #.# #.###
#.###.#.## #.# #.# #.# #
#.......#### ##.###.###.###


There were no monsters in sight!

Vanquished Creatures
  A scorpion (D:3)
  A worker ant (D:2)
  Terence (D:2)
  2 adders
  A worm (D:2)
  5 giant geckos
  A ball python (D:3)
  3 giant cockroaches (D:2)
  4 hobgoblins
  2 jackals (D:2)
  2 quokkas (D:2)
  3 bats
  2 giant newts (D:2)
  5 goblins
  3 kobolds
  2 rats (D:2)
38 creatures vanquished.

Notes
Turn   | Place    | Note
--------------------------------------------------------------
     0 | D:1      | Sientara, the Gargoyle Artificer, began the quest for the Orb.
     0 | D:1      | Reached XP level 1. HP: 12/12 MP: 1/1
    67 | D:1      | Huge Dmg: 3 dmg
   171 | D:1      | Huge Dmg: 3 dmg
   172 | D:1      | Huge Dmg: 2 dmg
   177 | D:1      | Reached skill level 3 in Evocations
   178 | D:1      | Reached XP level 2. HP: 8/16 MP: 3/3
   590 | D:2      | Huge Dmg: 4 dmg
   592 | D:2      | Huge Dmg: 3 dmg
   597 | D:2      | Huge Dmg: 2 dmg
   606 | D:2      | Huge Dmg: 1 dmg
   818 | D:2      | Reached XP level 3. HP: 16/21 MP: 4/4
  1138 | D:2      | Noticed Terence
  1189 | D:2      | Huge Dmg: 5 dmg
  1195 | D:2      | Huge Dmg: 5 dmg
  1198 | D:2      | Killed Terence
  1198 | D:2      | Reached XP level 4. HP: 9/27 MP: 6/6
  1442 | D:2      | Reached skill level 1 in Maces & Flails
  1935 | D:3      | Huge Dmg: 5 dmg
  1946 | D:3      | Huge Dmg: 4 dmg
  1947 | D:3      | Huge Dmg: 5 dmg
  1965 | D:3      | Huge Dmg: 5 dmg
  1966 | D:3      | Huge Dmg: 2 dmg
  1966 | D:3      | Reached skill level 4 in Evocations
  1966 | D:3      | Reached XP level 5. HP: 2/32 MP: 8/8
  1966 | D:3      | Killed themself with a badly aimed fireball

Action                   |  1- 3 |  4- 6 || total
-------------------------+-------+-------++-------
Melee: Short sword       |    20 |       ||    20
       Whip              |   124 |   111 ||   235
Evoke: Wand              |     9 |     1 ||    10
 Stab: Sleeping          |     1 |       ||     1
       Paralysed         |    12 |       ||    12
  Eat: Chunk             |     1 |     2 ||     3
